 Dungeon Crawl Stone Soup version 0.30-a0-137-gd8773701ce (webtiles) character file.

Game seed: 8336192571031914608

162 jimonade the Shooter (level 5, 0/29 HPs)
             Began as a Deep Elf Hunter on Sept 21, 2022.
             Was an Initiate of Hepliaklqana.
             Slain by a killer bee (2 damage)
             ... on level 4 of the Dungeon.
             The game lasted 00:05:39 (3230 turns).

jimonade the Shooter (Deep Elf Hunter)              Turns: 3230, Time: 00:05:39

Health: 0/29       AC:  9    Str:  8    XL:     5   Next: 19%
Magic:  9/9        EV: 11    Int: 14    God:    Hepliaklqana [......]
Gold:   195        SH:  0    Dex: 24    Spells: 7/7 levels left

rFire   . . .      SeeInvis .    a - +0 shortbow
rCold   . . .      Faith    .    (shield currently unavailable)
rNeg    . . .      Spirit   .    r - +1 ring mail of the Gloaming {+Inv Will- Dex+4 Slay+2}
rPois   .          Reflect  .    l - +0 helmet
rElec   .          Harm     .    n - +0 cloak
rCorr   .          Rampage  .    (no gloves)
Will    .....                    d - +0 pair of boots
Stlth   ++........               (no amulet)
HPRegen 0.09/turn                (no ring)
MPRegen 0.11/turn                (no ring)

@: lethally poisoned (0 -> -6), attractive, flying
A: no striking features
a: Renounce Religion, Evoke Invisibility


You were on level 4 of the Dungeon.
You worshipped Hepliaklqana.
Hepliaklqana was noncommittal.
You visited 1 branch of the dungeon, and saw 4 of its levels.

You collected 195 gold pieces.

Inventory:

Hand Weapons
 a - a +0 shortbow (weapon)
 m - a +0 quarterstaff
 o - a +0 sling
Missiles
 h - 4 poisoned darts
Armour
 d - a +0 pair of boots (worn)
 k - the +0 leather armour "Qisoob" {rN+}
   (You found it on level 2 of the Dungeon)

   rN:        It protects you from negative energy.
 l - a +0 helmet (worn)
 n - a +0 cloak (worn)
 r - the +1 ring mail of the Gloaming (worn) {+Inv Will- Dex+4 Slay+2}
   (You found it on level 3 of the Dungeon)

   Dex:       It affects your dexterity (+4).
   Slay:      It affects your accuracy & damage with ranged weapons and melee
   (+2).
   +Inv:      It lets you turn invisible.
   Will:      It decreases your willpower.
Jewellery
 t - a ring of ice
Scrolls
 b - a scroll of immolation
 e - 5 scrolls of identify {unknown}
 f - a scroll of fog {unknown}
 g - 2 scrolls of amnesia {unknown}
 i - 3 scrolls of teleportation {unknown}
 j - a scroll of enchant armour {unknown}
 p - a scroll of vulnerability {unknown}
 q - a scroll of noise {unknown}
 s - a scroll of brand weapon {unknown}
 v - a scroll of poison {unknown}
Potions
 u - a potion of flight


   Skills:
 - Level 1.5 Fighting
 + Level 7.6 Ranged Weapons
 - Level 2.4 Dodging
 - Level 1.2 Stealth
 * Level 1.5 Spellcasting
 * Level 1.5 Conjurations
 * Level 1.0 Air Magic
 * Level 1.1 Poison Magic


You had 7 spell levels left.
You didn't know any spells.
Your spell library contained the following spells:

 Spells                   Type           Power      Damage    Failure   Level
 Magic Dart               Conj           20%        1d4       38%         1
 Freeze                   Ice            4%         1d3       61%         1
 Sandblast                Erth           2%         2d4       61%         1
 Slow                     Hex            4%         N/A       61%         1
 Call Imp                 Summ           1%         N/A       75%         2
 Passwall                 Tmut/Erth      0%         N/A       75%         2
 Mephitic Cloud           Conj/Pois/Air  4%         N/A       80%         3
 Stone Arrow              Conj/Erth      6%         3d7       86%         3
 Confusing Touch          Hex            1%         N/A       93%         3
 Frozen Ramparts          Ice            2%         1d1       93%         3
 Vampiric Draining        Necr           1%         2d6       93%         3
 Hailstorm                Conj/Ice       3%         3d3       99%         4


Dungeon Overview and Level Annotations

Branches:
Dungeon (4/15)
 Temple: D:4-7

Altars:
Hepliaklqana
Uskayaw
Wu Jian

Shops:
D:4 *

Annotations:
D:1 exclusion: downstairs


Message History

A killer bee comes into view.
The killer bee stings you but does no damage.
The killer bee misses you. The killer bee stings you!
You are poisoned.
The killer bee poisons you! The killer bee barely misses you.
You feel very sick. The killer bee closely misses you.
The killer bee attacks as you move away!
The killer bee stings you but does no damage.
You feel sick. The killer bee stings you.
You are lethally poisoned!
The killer bee poisons you!
The killer bee attacks as you move away!
The killer bee barely misses you.
You feel very sick.
The killer bee stings you but does no damage.
It was a potion of flight.
You feel very buoyant.
You fly up into the air.
* * * LOW HITPOINT WARNING * * *
You feel very sick. The killer bee barely misses you.
The killer bee stings you.
* * * LOW HITPOINT WARNING * * *
It was a potion of attraction.
You feel attractive to monsters.
* * * LOW HITPOINT WARNING * * *
You feel sick.
The killer bee stings you but does no damage.
The killer bee barely misses you.
Fire: a) +0 shortbow
Press: ? - help, Q - select action, (/) - cycle Shift-Dir - straight line, f/p - killer bee
Aim: a killer bee (47% to hit)
You shoot an arrow. The arrow hits the killer bee!
The killer bee is severely wounded.
* * * LOW HITPOINT WARNING * * *
You feel very sick.
You hear an angry buzzing noise.
The killer bee barely misses you. The killer bee stings you.
You die...

##.###.....# #.....
##...##.....######.....
#.....#......##........
#.....#.###..##........
####..........#........
#..###.##............
#..# ####............
#..######............
#...@..#.............
##..#y............#..
#####..........###†.
##.#..........####...
#.............#......
#.............##.....
####.................
##..................
#...........#.##...#


You could see a killer bee.

Vanquished Creatures
  A hound (D:4)
  Robin (D:2)
  An adder (D:3)
  A worm (D:3)
  2 dart slugs
  14 ball pythons
  3 endoplasms
  3 giant cockroaches
  20 goblins
  7 hobgoblins
  12 jackals
  10 kobolds
  3 quokkas
  5 bats
  3 frilled lizards
  6 rats
92 creatures vanquished.

Vanquished Creatures (others)
  10 plants
10 creatures vanquished.

Grand Total: 102 creatures vanquished

Notes
Turn   | Place    | Note
-------+----------+-------------------------------------------
     0 | D:1      | jimonade the Deep Elf Hunter began the quest for the Orb.
     0 | D:1      | Reached XP level 1. HP: 12/12 MP: 3/3
    72 | D:1      | Reached XP level 2. HP: 16/16 MP: 4/4
    75 | D:1      | Reached skill level 6 in Ranged Weapons
   482 | D:1      | Reached XP level 3. HP: 20/20 MP: 5/5
   762 | D:2      | Identified the +0 leather armour "Qisoob" {rN+}
   810 | D:2      | Noticed Robin
   829 | D:2      | HP: 1/20 [goblin/+0 club[Robin] (3)]
  1575 | D:2      | Killed Robin
  1576 | D:2      | Reached skill level 7 in Ranged Weapons
  1701 | D:2      | Reached XP level 4. HP: 25/25 MP: 7/7
  2341 | D:3      | Reached skill level 1 in Conjurations
  2363 | D:3      | Reached skill level 1 in Spellcasting
  2546 | D:3      | Identified the +1 ring mail of the Gloaming {+Inv Will-
                  | Dex+4 Slay+2}
  2583 | D:3      | Reached skill level 1 in Poison Magic
  2621 | D:3      | Found a faded altar of an unknown god.
  2836 | D:3      | Found an ornate altar of the Wu Jian Council.
  2998 | D:4      | Found a hazy altar of Hepliaklqana.
  3006 | D:4      | Became a worshipper of Hepliaklqana the Forgotten
  3070 | D:4      | Found a hide-covered altar of Uskayaw.
  3083 | D:4      | Reached XP level 5. HP: 23/29 MP: 9/9
  3158 | D:4      | Reached skill level 1 in Air Magic
  3184 | D:4      | Found Waovatil's Neck Hole.
  3230 | D:4      | Slain by a killer bee

Illustrated notes

Levels and vault maps discovered:
D:1:      dpeg_arrival_radiant, layout_basic
D:2:      layout_basic, minmay_misc_feat_doors, serial_bayou_pond_c,
          nicolae_figureground_sparkle, uniq_robin
D:3:      layout_loops_cross, nzn_wu_jian_council_hall,
          chequers_ecumenical_altar_lobes, chequers_serial_rivers_large_a
D:4:      layout_cave_pools, worldfamousw_hep_ancestral_shrine,
          overflow_temple_1_default, nicolae_shop_sticking_my_neck_out

Skill      XL: |  1  2  3  4  5 |
---------------+----------------+-----
Ranged Weapons | 6 7 |  7.6
Conjurations   | 1 |  1.5
Spellcasting   | 1 |  1.5
Poison Magic   | 1 |  1.1
Air Magic      | 1 |  1.0
Fighting       | |  1.5
Dodging        | |  2.4
Stealth        | |  1.2

Action                   |  1- 3 |  4- 6 || total
-------------------------+-------+-------++-------
 Fire: Shortbow          |    99 |   108 ||   207
  Use: Potion            |       |     2 ||     2
Armor: Leather armour    |    12 |     9 ||    21
       Ring mail         |       |    19 ||    19
Dodge: Dodged            |    10 |    35 ||    45

Table legend: (Time is in decaauts)
 A = Elapsed time spent in this place.
 B = Non-inter-level travel time spent in this place.
 C = Inter-level travel time spent in this place.
 D = Time resting spent in this place.
 E = Time spent auto-exploring this place.
 F = Levels seen in this place.
 G = Mean time per level.
                   A        B        C        D        E       F      G
               +--------+--------+--------+--------+--------+-----+--------+
         Total |   3292 |   3164 |    128 |    450 |   2183 |   4 |  823.0 |
       Dungeon |   3292 |   3164 |    128 |    450 |   2183 |   4 |  823.0 |
               +--------+--------+--------+--------+--------+-----+--------+

Top non-repeatable levels by time:
     D:1: 1188 daAuts
     D:3: 1035 daAuts
     D:2: 781 daAuts
     D:4: 288 daAuts
